 Dungeon Sprint DCSS version 0.18.1-50-g88ac8fd (webtiles) character file.

1059 Kagutsuchi the Fighter (level 8, -6/65 HPs)
             Began as a Grey Draconian Berserker on Oct 22, 2016.
             Was an Elder of Trog.
             Mangled by a boulder beetle (22 damage)
             ... in the Dungeon (Sprint II: "The Violet Keep of Menkaure").
             The game lasted 00:04:38 (566 turns).

Kagutsuchi the Fighter (Grey Draconian Berserker)    Turns: 566, Time: 00:04:39

Health: -6/65      AC: 11    Str: 17 (19) XL:     8   Next: 6%
Magic:  7/7        EV: 15    Int:  4 (7)  God:    Trog [****..]
Gold:   343        SH:  0    Dex:  9 (12) Spells: 0 memorised, 7 levels left

rFire  . . .     SeeInvis .     a - +0 falchion
rCold  . . .     Gourm    .     (armour unavailable)
rNeg   . . .     Faith    .     (no shield)
rPois  .         Spirit   .     (helmet restricted)
rElec  .         Dismiss  .     (no cloak)
rCorr  .         Reflect  .     (no gloves)
SustAt .         Harm     .     (no boots)
MR     .....     NoTele   +     (no amulet)
Stlth  +.........               (no ring)
                                (no ring)

@: exhausted, slowed, very slow, not resistant to hostile enchantments, very
unstealthy
A: walk through water, unfitting armour, deterioration 1, dopey 1, frail 2, low
mp 1, unbreathing, cold-blooded, AC +11
a: Berserk, Trog's Hand, Brothers in Arms, Burn Spellbooks, Renounce Religion


You were in the Dungeon.
You worshipped Trog.
Trog was greatly pleased with you.
You were not hungry.

You visited 1 branch You collected 729 gold pieces.
You spent 386 gold pieces at shops.

Inventory:

Hand Weapons
 a - a +0 falchion (weapon)
Missiles
 c - 3 silver javelins (quivered)
Scrolls
 h - a scroll of blinking
Potions
 b - a potion of mutation
 e - a potion of haste
 f - 2 potions of magic
 g - a potion of berserk rage
Comestibles
 i - a meat ration


   Skills:
 + Level 11.0 Fighting
 + Level 10.7 Long Blades
 + Level 10.1 Dodging
 + Level 1.3 Stealth


You had 7 spell levels left.
You didn't know any spells.

Dungeon Overview and Level Annotations

Branches:
Dungeon (1/1)

Altars:

Shops:
D (::!:[?(*}==!!%[

Annotations:
D exclusion: oklob plant


Innate Abilities, Weirdness & Mutations

You can walk through water.
Your dull iron-grey scales are very hard (AC +11).
Your body does not fit into most forms of armour.
You can survive without breathing.
You are cold-blooded and may be slowed by cold attacks.
Your body sometimes deteriorates upon taking damage.
You are dopey. (Int -2)
You are very frail (-20% HP).
Your magical capacity is low (-10% MP).


Message History

You feel much better. The boulder beetle bites you!
Your body deteriorates!
You feel clumsy.
You hit the boulder beetle.
You tail-slap the boulder beetle, but do no damage.
The boulder beetle is heavily wounded.
You hit the boulder beetle but do no damage.
You tail-slap the boulder beetle, but do no damage.
The boulder beetle is heavily wounded.
The boulder beetle bites you!!
* * * LOW HITPOINT WARNING * * *
Your body deteriorates!
You feel weakened.
You barely miss the boulder beetle.
The boulder beetle is heavily wounded.
The flying skull gives a hideous shriek!
The boulder beetle bites you but does no damage.
Drink which item? (? for menu, Esc to quit)
You're too exhausted to go berserk.
Really walk into a travel-excluded area?
The boulder beetle bites you!!
You die...

.∩.⌠.#≈##.###'###.##..#
∩.∩..#≈##..##.##...#..#
.∩...'≈'.##'.§.).#.+ .##
∩....#≈##..##§##...#....
▓▓▓###≈##.###B###.##..§§
######≈≈######§####≈§§..
#Y ##≈≈≈#..##§#≈≈≈§§§≈
+$ #+#≈##..§##≈≈≈≈§≈§
#≈≈##'##@≈≈§≈§≈§
##≈≈≈≈≈BB≈≈§§≈§≈
#+++#+++#≈≈§§§≈


zzzzz #§§§## §§§zzz§.. #§≈# +§§.§§§z§§..+ ≈# ##..§.z§.§.## ≈≈ ##..§§.§§## #
####+#### You could see 2 boulder beetles and 2 flying skulls.

Vanquished Creatures
  A siren (D)
  4 neqoxecs (D)
  Menkaure (D)
  4 worker ants (D)
10 creatures vanquished.

Vanquished Creatures (others)
  A crocodile (D)
1 creature vanquished.

Grand Total: 11 creatures vanquished

Notes
Turn   | Place    | Note
--------------------------------------------------------------
     0 | D        | Kagutsuchi the Draconian Berserker began the quest for the Orb.
     0 | D        | Reached XP level 1. HP: 19/19 MP: 1/1
     1 | D        | Noticed a worker ant
     1 | D        | Noticed a worker ant
     1 | D        | Noticed a worker ant
     1 | D        | Noticed a worker ant
     6 | D        | Killed a worker ant
     6 | D        | Reached skill level 4 in Fighting
     6 | D        | Reached XP level 2. HP: 28/28 MP: 2/2
     7 | D        | Reached ** piety under Trog
     7 | D        | Reached skill level 5 in Fighting
     7 | D        | Reached skill level 5 in Long Blades
     7 | D        | Reached XP level 3. HP: 36/36 MP: 3/3
    11 | D        | Reached skill level 5 in Dodging
    11 | D        | Reached XP level 4. HP: 44/44 MP: 4/4
    14 | D        | Reached skill level 6 in Fighting
    36 | D        | Killed a crocodile
    60 | D        | Noticed a boulder beetle
    60 | D        | Noticed a boulder beetle
    64 | D        | Noticed a siren
    79 | D        | Killed a siren
    79 | D        | Reached *** piety under Trog
    79 | D        | Reached skill level 9 in Fighting
    79 | D        | Reached XP level 5. HP: 21/57 MP: 5/5
    79 | D        | Reached XP level 6. HP: 24/64 MP: 6/6
   137 | D        | Found Tekk's Antique Armour Shop.
   137 | D        | Found Qusu Zim's Distillery.
   137 | D        | Found Mamneure's Food Boutique.
   137 | D        | Found Feojiysch's Jewellery Shop.
   138 | D        | Found Jefil's Jewellery Shop.
   138 | D        | Found Zanetru's Gadget Boutique.
   138 | D        | Found Lesixos's General Store.
   138 | D        | Found Foxeamn's Antique Weapon Boutique.
   139 | D        | Found Asyighiu's Antique Armour Boutique.
   139 | D        | Found Ydyph's Book Shop.
   140 | D        | Found Vuogubul's Distillery.
   140 | D        | Found Dituanamp's Magic Scroll Boutique.
   140 | D        | Noticed a shining eye
   141 | D        | Found Xyopuvel's Distillery.
   141 | D        | Found Woynkuk's Book Shop.
   141 | D        | Noticed Menkaure
   141 | D        | Noticed a shining eye
   141 | D        | Noticed a shining eye
   141 | D        | Noticed an oklob plant
   142 | D        | Found Xaall's Book Shoppe.
   142 | D        | Found Deoneg's Weapon Boutique.
   144 | D        | Noticed a yak
   145 | D        | Noticed a yak
   145 | D        | Noticed a yak
   147 | D        | Bought 2 potions of heal wounds for 140 gold pieces
   149 | D        | Bought a potion of mutation for 32 gold pieces
   149 | D        | Bought a potion of heal wounds for 65 gold pieces
   149 | D        | Bought a potion of heal wounds for 65 gold pieces
   154 | D        | Noticed a death yak
   161 | D        | Killed Menkaure
   161 | D        | Your scales start taking on a dull iron-grey colour.
   161 | D        | Reached XP level 7. HP: 39/71 MP: 7/7
   161 | D        | Gained mutation: You can survive without breathing. [Grey Draconian growth]
   180 | D        | Noticed an ice statue
   294 | D        | Bought a beef jerky for 19 gold pieces
   294 | D        | Bought a meat ration for 65 gold pieces
   321 | D        | Noticed a flying skull
   322 | D        | Noticed a flying skull
   322 | D        | Noticed a flying skull
   323 | D        | Noticed a flying skull
   325 | D        | Noticed a flying skull
   327 | D        | Noticed a flying skull
   328 | D        | Noticed a flying skull
   328 | D        | Noticed a flying skull
   329 | D        | Noticed a flying skull
   329 | D        | Noticed a flying skull
   330 | D        | Noticed a flying skull
   330 | D        | Noticed a neqoxec
   330 | D        | Noticed a neqoxec
   330 | D        | Noticed a neqoxec
   330 | D        | Noticed a neqoxec
   330 | D        | Gained mutation: You are frail (-10% HP). [a neqoxec]
   339 | D        | Killed a neqoxec
   339 | D        | Reached skill level 10 in Fighting
   339 | D        | Reached skill level 10 in Long Blades
   342 | D        | Killed a neqoxec
   342 | D        | Reached skill level 1 in Stealth
   343 | D        | Gained mutation: Your body sometimes deteriorates upon taking damage. [a neqoxec]
   346 | D        | Gained mutation: Your magical capacity is low (-10% MP). [a neqoxec]
   347 | D        | Killed a neqoxec
   347 | D        | Reached **** piety under Trog
   347 | D        | Received a gift from Trog
   348 | D        | Gained mutation: You are very frail (-20% HP). [a neqoxec]
   364 | D        | Gained mutation: You are dopey. (Int -2) [a neqoxec]
   367 | D        | Killed a neqoxec
   367 | D        | Reached skill level 11 in Fighting
   367 | D        | Reached skill level 10 in Dodging
   367 | D        | Reached XP level 8. HP: 30/65 MP: 7/7
   385 | D        | Noticed a flying skull
   545 | D        | HP: 3/97 [boulder beetle (32)]
   566 | D        | Mangled by a boulder beetle

Skill      XL: |  1  2  3  4  5  6  7 |
---------------+----------------------+-----
Fighting       | 4 5 9 11 | 11.0
Long Blades    | 4 5 9 10 | 10.7
Dodging        | 4 5 8 10 | 10.1
Stealth        | 1 |  1.3

Action                   |  1- 3 |  4- 6 |  7- 9 || total
-------------------------+-------+-------+-------++-------
Melee: Falchion          |     9 |    18 |    54 ||    81
       Tailslap          |     3 |     2 |    10 ||    15
Invok: Berserk           |     1 |     1 |     3 ||     5
  Use: Potion            |       |     1 |     5 ||     6
  Eat: Bread ration      |       |     1 |       ||     1
       Beef jerky        |       |       |     1 ||     1
Armor: Skin              |       |     1 |    18 ||    19
Dodge: Dodged            |     4 |     4 |    54 ||    62
